AoeStats
← Le Tatar Kirghize

Arabia

507534626Analyzed
2v2 RM · 13d ago on Sep 18, 2026· 63m 8s· 4 players
Game mode
Random Map
Map size
Medium (4 player)
Population
200
Speed
Normal
Resources
Standard
Victory
Conquest
Starting age
Dark Age
Ending age
Imperial Age
RankedLock teamsTeams togetherTeam positionsShared explorationLock speedFull tech treeHidden civsTurbo modeCheats
Victory
Defeat
🇫🇷 Poles · France
1183
+17
🇩🇪 Italians · Germany
1150
+19
🇨🇭 Japanese · Switzerland
1302
-22
🇺🇸 Hindustanis · United States
1123
-14
Le Tatar Kirghize
6:17 Loom
9:29 Feudal Age
10:01 Double-Bit Axe
12:43 Horse Collar
20:38 Castle Age
21:18 Castle Age
20:11 Stone Mining
22:19 Bow Saw
22:11 Heavy Plow
23:04 Forging
23:00 Scale Barding Armor
23:27 Gold Mining
24:21 Wheelbarrow
23:32 Town Watch
30:34 Imperial Age
29:52 Iron Casting
29:38 Chain Barding Armor
29:49 Fletching
30:26 Bloodlines
30:16 Husbandry
30:52 Masonry
30:52 Clinker Construction
31:07 Szlachta Privileges
32:57 Blast Furnace
32:49 Conscription
32:08 Cavalier
35:42 Lechitic Legacy
36:10 Crop Rotation
40:51 Light Cavalry
41:50 Winged Hussar
43:20 Hand Cart
45:16 Scale Mail Armor
46:24 Chain Mail Armor
46:52 Elite Obuch
52:07 Chemistry
51:27 Ballistics
53:11 Siege Engineers
54:05 Town Patrol
56:10 Plate Mail Armor
55:04 Pikeman
55:45 Squires
61:07 Bodkin Arrow
62:18 Capped Ram
DerTyp
3:17 Loom
9:54 Feudal Age
10:51 Double-Bit Axe
17:14 Horse Collar
21:33 Fletching
22:27 Padded Archer Armor
22:19 Gold Mining
27:50 Castle Age
32:01 Bow Saw
31:58 Husbandry
32:58 Wheelbarrow
32:28 Stone Mining
32:56 Scale Barding Armor
35:35 Bodkin Arrow
37:02 Heavy Plow
37:44 Leather Archer Armor
42:13 Hand Cart
46:04 Imperial Age
45:13 Thumb Ring
46:28 Ballistics
47:46 Chemistry
47:21 Ring Archer Armor
48:45 Pirotechnia
48:40 Elite Skirmisher
51:44 Crop Rotation
51:20 Elite Genoese Crossbowman
52:43 Bracer
53:57 Conscription
57:50 Cavalier
58:41 Bloodlines
58:57 Chain Barding Armor
58:48 Forging
60:44 Plate Barding Armor
60:39 Scale Mail Armor
61:14 Iron Casting
60:36 Light Cavalry
62:19 Hussar
63:20 Squires
Makina
6:31 Loom
8:56 Feudal Age
9:31 Double-Bit Axe
9:27 Man-at-Arms
10:41 Arson
12:36 Horse Collar
15:06 Fletching
15:47 Padded Archer Armor
22:12 Castle Age
22:27 Wheelbarrow
22:19 Gold Mining
22:47 Bodkin Arrow
23:08 Leather Archer Armor
23:46 Bow Saw
24:14 Gold Shaft Mining
24:38 Ballistics
33:54 Imperial Age
32:47 Heavy Plow
35:04 Bracer
35:36 Parthian Tactics
34:58 Pikeman
36:01 Halberdier
38:48 Scale Mail Armor
39:56 Forging
41:10 Chain Mail Armor
41:49 Iron Casting
43:04 Plate Mail Armor
43:03 Husbandry
43:14 Bloodlines
44:31 Blast Furnace
44:05 Thumb Ring
43:37 Heavy Cavalry Archer
47:08 Ring Archer Armor
47:50 Hand Cart
49:30 Kataparuto
50:06 Elite Skirmisher
55:02 Chemistry
bianfa54
0:32 Loom
11:10 Feudal Age
19:06 Castle Age
17:24 Double-Bit Axe
19:00 Forging
18:56 Scale Barding Armor
20:39 Town Watch
24:13 Town Patrol
25:04 Horse Collar
25:48 Husbandry
25:53 Squires
27:30 Wheelbarrow
29:35 Iron Casting
29:21 Scale Mail Armor
31:32 Hand Cart
32:10 Gold Mining
32:23 Heavy Plow
33:08 Pikeman
37:23 Imperial Age
35:58 Fletching
36:24 Chain Mail Armor
42:57 Chain Barding Armor
42:40 Heavy Camel Rider
46:15 Gold Shaft Mining
47:09 Conscription
48:58 Plate Barding Armor
49:50 Blast Furnace
49:43 Imperial Camel Rider
52:15 Shatagni
54:36 Ballistics
55:37 Light Cavalry
61:25 Chemistry
61:33 Bloodlines
Connection lost

Rejoining the realm…

Still unreachable

The connection could not be restored.

Session expired

The server has moved on; the page needs a fresh start.